 Dungeon Crawl Stone Soup version 0.17-a0-1403-g9df874c (webtiles) character file.

109 urechis the Poker (level 4, -5/33 HPs)
             Began as a Merfolk Gladiator on June 20, 2015.
             Slain by Fluffy's ghost (11 damage)
             ... on level 3 of the Dungeon.
             The game lasted 00:05:47 (2052 turns).

urechis the Poker (Merfolk Gladiator)               Turns: 2052, Time: 00:05:47

Health: -5/33      AC:  4    Str: 15    XL:     4   Next: 89%
Magic:  4/4        EV:  8    Int:  7    God:
Gold:   72         SH:  0    Dex: 15    Spells: 0 memorised, 3 levels left

rFire  . . .     SeeInvis .     a - +0 trident
rCold  . . .     Clarity  .     b - +0 leather armour
rNeg   . . .     SustAt   .     (no shield)
rPois  +         Gourm    .     c - +0 helmet
rElec  .         Spirit   .     (no cloak)
rCorr  .         Warding  .     (no gloves)
rMut   .         Stasis   .     (no boots)
MR     .....                    (no amulet)
Stlth  +.........               (no ring)
                                l - ring of poison resistance

@: not resistant to hostile enchantments, very unstealthy
A: change form in water, swift swim
a: no special abilities


You were on level 3 of the Dungeon.
You were hungry.

You visited 1 branch of the dungeon, and saw 3 of its levels.

You collected 72 gold pieces.

Inventory:

Hand weapons
 a - a +0 trident (weapon)
Missiles
 e - 2 throwing nets (quivered)
 o - 5 poisoned tomahawks
Armour
 b - a +0 leather armour (worn)
 c - a +0 helmet (worn)
Jewellery
 l - a ring of poison resistance (left hand)
 q - an uncursed amulet of warding {unknown}
Scrolls
 h - a scroll of fear {unknown}
 j - 2 scrolls of teleportation {unknown}
 m - 2 scrolls of enchant armour {unknown}
 n - 2 scrolls of enchant weapon {unknown}
 p - a scroll of noise {unknown}
 r - 2 scrolls of identify {unknown}
 u - 2 scrolls of recharging {unknown}
 v - 2 scrolls of random uselessness {unknown}
Potions
 f - 2 potions of curing {unknown}
 g - 2 potions of heal wounds {unknown}
 i - 2 potions of agility {unknown}
 k - a potion of brilliance {unknown}
 s - a potion of flight {unknown}
 z - a potion of haste {unknown}
Comestibles
 d - 3 bread rations
 t - 2 meat rations
 x - 4 fruits


   Skills:
 - Level 2.1 Fighting
 + Level 7.9 Polearms
 - Level 2.0 Throwing
 - Level 4.0 Dodging


You had 3 spell levels left.
You didn't know any spells.

Dungeon Overview and Level Annotations

Branches:
Dungeon (3/15)

Altars:
Cheibriados
Kikubaaqudgha
Nemelex Xobeh
Qazlal
Vehumet
Xom

Annotations:
D:3 Fluffy's ghost, average DsGl


Message History

Fluffy's ghost is lightly damaged.
Fluffy's ghost hits you!
* * * LOW HITPOINT WARNING * * *
You are too injured to fight recklessly!
You are too injured to fight recklessly!
You are too injured to fight recklessly!
You are too injured to fight recklessly!
You are too injured to fight recklessly!
You are too injured to fight recklessly!
Fluffy's ghost barely misses you.
You see here a scroll labeled YRONTA WUNALI.
Fluffy's ghost hits you.
* * * LOW HITPOINT WARNING * * *
You see here a throwing net.
e - 2 throwing nets (gained 1) Fluffy's ghost hits you but does no damage.
Fluffy's ghost lets out a mournful wail.
There is a stone staircase leading up here.
Fluffy's ghost hits you!
You die...

#.....# #..<...# #.#
###.### #...##.###.#
####.##########.....#
#.......# ###.###
#.##.##.#########.#
##.##.##.#.......#.#
#........#.......#.#######
#..##.#.........(#.......#
#........#?...W@.#######.#
#.##.##.##.......# ##.##
#. #.#..#........# #.#.#
#. .....#........# #..## #
##.###...#####.# #.##
#.#...........# #.#
###.#.##........### #.#
#.................# #.#
..#....#.....#....# #.#


You could see Fluffy's ghost.

Vanquished Creatures
  4 adders
  3 worms
  6 bats
  5 giant cockroaches
  11 goblins
  9 hobgoblins
  2 quokkas (D:2)
  2 ball pythons
  2 giant geckos
  A giant newt (D:1)
  2 jackals (D:1)
  4 kobolds (D:1)
  9 rats
60 creatures vanquished.

Notes
Turn   | Place    | Note
--------------------------------------------------------------
     0 | D:1      | urechis the Merfolk Gladiator began the quest for the Orb.
     0 | D:1      | Reached XP level 1. HP: 16/16 MP: 1/1
     2 | D:1      | Noticed a centaur
     2 | D:1      | Noticed a formicid
     4 | D:1      | Noticed a demigod
     4 | D:1      | Noticed an ogre
     8 | D:1      | Noticed a merfolk
     8 | D:1      | Noticed a draconian
    10 | D:1      | Noticed an elf
    10 | D:1      | Noticed a troll
    12 | D:1      | Noticed a spriggan
    14 | D:1      | Noticed a naga
    14 | D:1      | Noticed a dwarf
    16 | D:1      | Noticed a demonspawn
    16 | D:1      | Noticed a felid
    18 | D:1      | Noticed a vine stalker
    18 | D:1      | Noticed a vampire
    20 | D:1      | Noticed an octopode
    22 | D:1      | Noticed a gargoyle
    22 | D:1      | Noticed a minotaur
    24 | D:1      | Noticed a human
    26 | D:1      | Noticed a tengu
    26 | D:1      | Noticed a ghoul
   102 | D:1      | Reached skill level 5 in Polearms
   106 | D:1      | Reached XP level 2. HP: 9/22 MP: 2/2
   985 | D:2      | Reached XP level 3. HP: 24/27 MP: 3/3
  1019 | D:2      | Reached skill level 6 in Polearms
  1131 | D:2      | Found a faded altar to an unknown god.
  1602 | D:2      | Reached skill level 7 in Polearms
  1602 | D:2      | Reached XP level 4. HP: 33/33 MP: 4/4
  1895 | D:3      | Found a snail-covered altar of Cheibriados.
  1898 | D:3      | Found a shimmering altar of Xom.
  1899 | D:3      | Found an ancient bone altar of Kikubaaqudgha.
  1900 | D:3      | Found a radiant altar of Vehumet.
  1900 | D:3      | Found a sparkling altar of Nemelex Xobeh.
  1902 | D:3      | Found a stormy altar of Qazlal.
  2033 | D:3      | Noticed Fluffy's ghost (average DsGl)
  2052 | D:3      | Slain by Fluffy's ghost

Vault maps used:
D:1:      kb_arrival_jail, corexii_leaking_fountain
D:2:      ecumenical_altar_1
D:3:      minitemple, st_stairs_4, grunt_nemelex_the_gamble

Action                   |  1- 3 |  4- 6 || total
-------------------------+-------+-------++-------
Melee: Trident           |   124 |    84 ||   208
Throw: Throwing net      |       |     2 ||     2
 Stab: Sleeping          |       |     2 ||     2
  Eat: Chunk             |     2 |     1 ||     3
